 Dungeon Crawl Stone Soup version 0.27.0-1-g7a089689b8 (webtiles) character file.

Game seed: 983510862917590662

50817 Naeght the Impaler (level 14, -1/120 HPs)
             Began as a Merfolk Gladiator on Aug 17, 2021.
             Was an Elder of the Shining One.
             Succumbed to barbed spike wounds
             ... on level 1 of the Snake Pit on Aug 18, 2021.
             The game lasted 01:14:45 (18622 turns).

Naeght the Impaler (Merfolk Gladiator)             Turns: 18622, Time: 01:14:47

Health: -1/120     AC: 12    Str: 20    XL:     14   Next: 56%
Magic:  21/21      EV: 25    Int: 10    God:    the Shining One [****..]
Gold:   1484       SH:  0    Dex: 22    Spells: 14/23 levels left

rFire    . . .     SeeInvis .   y - +8 halberd of Coroec {venom, Dex+4}
rCold    . . .     Faith    .   (shield currently unavailable)
rNeg     + + .     Spirit   .   v - +0 troll leather armour {Purgy}
rPois    +         Reflect  .   c - +0 helmet
rElec    .         Harm     .   e - +2 cloak
rCorr    .         Rampage  .   p - +0 pair of gloves
Will     ++...     Clarity  +   (no boots)
Stlth    +.........             b - amulet "Xalaup" {RegenMP rPois Slay+3}
HPRegen  1.30/turn              n - +6 ring of strength
MPRegen  0.42/turn              K - ring of willpower

@: spiked, slowed, glowing, very slow
A: (nimble swimmer 2), mertail, iridescent scales 1, clarity, subdued magic 1
a: Renounce Religion, Divine Shield, Cleansing Flame


You were on level 1 of the Snake Pit.
You worshipped the Shining One.
The Shining One was greatly pleased with you.
You visited 4 branches of the dungeon, and saw 17 of its levels.
You also visited: Sewer.

You collected 1914 gold pieces.
You spent 430 gold pieces at shops.

Inventory:

Hand Weapons
 a - a +1 trident of freezing
 y - the +8 halberd of Coroec (weapon) {venom, Dex+4}
   (You acquired it on level 1 of the Dungeon)

   It poisons the flesh of those it strikes.
   Dex:       It affects your dexterity (+4).
Missiles
 d - 2 throwing nets
 g - 19 poisoned darts (quivered)
 m - 10 javelins
 H - 16 boomerangs
 X - 2 atropa-tipped darts
Armour
 c - a +0 helmet (worn)
 e - a +2 cloak (worn)
 p - a +0 pair of gloves (worn)
 v - a +0 troll leather armour (worn) {Purgy}
 P - a +0 kite shield
Jewellery
 b - the amulet "Xalaup" (around neck) {RegenMP rPois Slay+3}
   (You acquired it on level 1 of the Dungeon)

   [amulet of magic regeneration]

   It increases your rate of magic regeneration.
   Slay:      It affects your accuracy & damage with ranged weapons and melee
   (+3).
   rPois:     It protects you from poison.
 n - a +6 ring of strength (left hand)
 K - a ring of willpower (right hand)
 Y - a ring of protection from fire
Wands
 w - a wand of mindburst (20)
 G - a wand of flame (42)
 O - a wand of iceblast (25)
 U - a wand of paralysis (7)
Scrolls
 f - 4 scrolls of vulnerability
 i - 5 scrolls of magic mapping
 r - 2 scrolls of fear
 u - 2 scrolls of enchant weapon
 x - 5 scrolls of enchant armour
 D - 4 scrolls of teleportation
 E - 2 scrolls of fog
 J - a scroll of summoning
 M - a scroll of silence
 N - 2 scrolls of blinking
 Q - 4 scrolls of amnesia
 V - a scroll of immolation
Potions
 h - 7 potions of curing
 j - 4 potions of attraction
 k - a potion of cancellation {unknown}
 l - 2 potions of flight
 o - 2 potions of magic
 q - 5 potions of heal wounds
 s - 3 potions of resistance
 t - 3 potions of haste
 A - a potion of lignification
 B - a potion of might
 C - 3 potions of invisibility
 F - 2 potions of berserk rage
 I - a potion of mutation
 R - 4 potions of brilliance
 Z - a potion of ambrosia
Miscellaneous
 T - a box of beasts


   Skills:
 * Level 14.1 Fighting
 - Level 17.2 Polearms
 - Level 2.0 Throwing
 - Level 4.0 Armour
 + Level 16.4 Dodging
 - Level 5.0 Spellcasting
 - Level 7.0 Hexes
 + Level 3.9 Air Magic


You had 14 spell levels left.
You knew the following spells:

 Your Spells              Type           Power      Damage    Failure   Level
a - Slow                  Hex            12%        N/A       1%          2
b - Confusing Touch       Hex            12%        N/A       3%          3
c - Corona                Hex            13%        N/A       1%          1
d - Swiftness             Air            7%         N/A       13%         3

Your spell library contained the following spells:

 Spells                   Type           Power      Damage    Failure   Level
 Shock                    Conj/Air       16%        1d4       10%         1
 Portal Projectile        Hex/Tloc       14%        N/A       16%         3
 Animate Skeleton         Necr           2%         N/A       22%         1
 Apportation              Tloc           2%         N/A       22%         1
 Summon Small Mammal      Summ           4%         N/A       22%         1
 Airstrike                Air            3%         N/A       41%         4
 Conjure Flame            Conj/Fire      1%         6-21      56%         3
 Gell's Gravitas          Tloc           0%         N/A       56%         3
 Ignite Poison            Fire/Tmut/Pois 1%         N/A       56%         3
 Lesser Beckoning         Tloc           0%         N/A       56%         3
 Teleport Other           Tloc           1%         N/A       56%         3
 Summon Lightning Spire   Summ/Air       4%         N/A       71%         4
 Yara's Violent Unravell  Hex/Tmut       3%         3d4       83%         5
 Sticky Flame             Conj/Fire      1%         2d3       93%         4
 Lightning Bolt           Conj/Air       2%         1d13      96%         5
 Blade Hands              Tmut           0%         N/A       100%        5
 Excruciating Wounds      Necr           0%         N/A       100%        5
 Fireball                 Conj/Fire      0%         3d3       100%        5
 Iskenderun's Battlesphe  Conj           1%         2d6       100%        5
 Conjure Ball Lightning   Conj/Air       2%         3x3d6     100%        6
 Starburst                Conj/Fire      0%         8x6d3     100%        6
 Orb of Destruction       Conj           0%         N/A       100%        7
 Ignition                 Fire           0%         3d3       100%        8


Dungeon Overview and Level Annotations

Branches:
Dungeon (9/15)             Temple (1/1) D:7            Lair (6/6) D:9
  Swamp (0/4) Lair:3        Snake (1/4) Lair:4        Slime (0/5) Lair:5
  Sewer (visited)
    Orc: D:9-12

Altars:
Ashenzari
Dithmenos
Elyvilon
Fedhas
Gozag
Hepliaklqana
Makhleb
Nemelex Xobeh
Qazlal
Ru
Trog
Uskayaw
Vehumet
Wu Jian
Yredelemnul
Zin
The Shining One

Shops:
D:1 (?   D:4 ([!(

Annotations:
Snake:1 Kirke


Innate Abilities, Weirdness & Mutations

((You are quick and stealthy near water. (Stealth+, EV+, Speed+++)))
Your lower body shifts to a powerful aquatic tail in water.
You are partially covered in iridescent scales. (AC +2)
You possess an exceptional clarity of mind.
Your spells are a little easier to cast, but a little less powerful.


Message History

The manticore flicks its tail.
The volley of spikes hits you!
The barbed spikes become lodged in your body.
The salamander hits you from afar with a +0 glaive!
* * * LOW HITPOINT WARNING * * *
You are engulfed in flames!
* * * LOW HITPOINT WARNING * * *
The salamander misses you. The hog completely misses you.
Kirke points at you and mumbles some strange words.
You feel yourself slow down.
The barbs in your skin will harm you if you move.
Continue?
The barbed spikes dig painfully into your body as you move.
* * * LOW HITPOINT WARNING * * *
You feel sick.
You are no longer poisoned.
You kill the hog!
The manticore flicks its tail.
The volley of spikes hits you!
The barbed spikes become lodged in your body.
* * * LOW HITPOINT WARNING * * *
The barbed spikes dig painfully into your body as you move.
* * * LOW HITPOINT WARNING * * *
The salamander hits you but does no damage.
There is a staircase back to the Lair, spattered with blood here.
Casting: Swiftness (mildly dangerous; 13% risk of failure)
Confirm with . or Enter, or press ? or * to list all spells.
Okay, then.
Kirke hits you.
* * * LOW HITPOINT WARNING * * *
The manticore completely misses you. The manticore barely misses you.
The manticore claws you.
* * * LOW HITPOINT WARNING * * *
The salamander completely misses you. x2
Kirke wildly gestures.
You feel disoriented. Kirke barely misses you. The manticore misses you.
The manticore barely misses you. The manticore misses you.
The salamander misses you.
The barbed spikes dig painfully into your body as you move.
You die...

### ##.## ##...## ##.....##
#.@.....# ##H@#...#.##
##NNN...###.##
##..†...####..##
##.....#..#.....#
###.....#.........###
##......##)..........##
##...######)...........##
##......####..##.........##


You could see Kirke (invisible, extremely poisoned), 2 salamanders, a manticore
(summoned) and a naga.

Vanquished Creatures
  6 hydras
  A catoblepas (Lair:2)
  2 death yaks (Lair:5)
  A two-headed ogre (D:6)
  A manticore (Lair:6)
  23 elephants
  5 black mambas
  Joseph (D:8)
  A torpor snail (Lair:4)
  21 cane toads
  5 rime drakes
  6 komodo dragons
  A hornet (D:9)
  5 tyrant leeches
  4 dream sheep (Lair:5)
  20 blink frogs
  3 hogs (Snake:1)
  9 wyverns
  54 yaks
  12 basilisks
  2 steam dragons
  5 vampire mosquitoes (Lair:6)
  3 swamp worms (Lair:3)
  4 nagas
  11 water moccasins
  3 orc warriors
  Purgy (Sewer)
  2 black bears
  7 ogres
  2 necrophages (D:6)
  9 wolves
  2 centaurs
  4 phantoms
  A kobold brigand (D:7)
  18 bullfrogs
  2 scorpions
  A wyvern zombie (D:7)
  2 water moccasin skeletons
  6 killer bees (D:7)
  2 electric eels
  A bullfrog zombie (D:6)
  A jelly (D:4)
  5 orc priests
  Crazy Yiuf (D:2)
  5 hounds
  3 centaur zombies
  Terence (D:2)
  6 orc wizards
  A scorpion zombie (D:5)
  3 iguanas
  5 hell rats
  A killer bee zombie (D:8)
  2 howler monkey zombies
  3 gnolls (D:4)
  A howler monkey skeleton (D:6)
  A river rat (D:3)
  5 adders
  2 white imps
  2 adder skeletons (D:4)
  8 dart slugs
  44 orcs
  12 ball pythons
  7 endoplasms
  9 giant cockroaches
  14 goblins
  4 hobgoblins
  2 jackals (D:5)
  3 quokkas (D:1)
  4 bats
  8 frilled lizards
  13 kobolds
  7 rats
452 creatures vanquished.

Vanquished Creatures (others)
  An orc wizard (D:4)
  35 fungi
  110 plants
146 creatures vanquished.

Grand Total: 598 creatures vanquished

Notes
Turn   | Place    | Note
-------+----------+-------------------------------------------
     0 | D:1      | Naeght the Merfolk Gladiator began the quest for the Orb.
     0 | D:1      | Reached XP level 1. HP: 16/16 MP: 1/1
    65 | D:1      | Reached XP level 2. HP: 22/22 MP: 2/2
   100 | D:1      | Reached skill level 5 in Polearms
   195 | D:1      | Found Riff's Magic Scroll Boutique.
   211 | D:1      | Bought a scroll of identify for 20 gold pieces
   211 | D:1      | Bought a scroll of magic mapping for 35 gold pieces
   211 | D:1      | Bought a scroll of identify for 20 gold pieces
   368 | D:1      | Found a faded altar of an unknown god.
   626 | D:1      | Found Fejeagh's Antique Weapon Emporium.
   726 | D:1      | HP: 1/22 [ball python (1)]
   790 | D:2      | Reached XP level 3. HP: 7/27 MP: 3/3
  1552 | D:2      | Reached skill level 6 in Polearms
  1714 | D:2      | Found a runed translucent door.
  1715 | D:2      | Noticed Crazy Yiuf
  1813 | D:2      | Noticed Terence
  1824 | D:2      | Killed Terence
  1825 | D:2      | Reached skill level 5 in Dodging
  1825 | D:2      | Reached XP level 4. HP: 28/33 MP: 4/4
  2168 | D:2      | Killed Crazy Yiuf
  2169 | D:2      | Reached skill level 7 in Polearms
  2169 | D:2      | Reached XP level 5. HP: 38/38 MP: 5/5
  2515 | D:3      | Found a glowing drain.
  2522 | Sewer    | Entered a sewer
  2602 | Sewer    | Noticed Purgy
  2615 | Sewer    | Killed Purgy
  2616 | Sewer    | Reached skill level 8 in Polearms
  2616 | Sewer    | Reached XP level 6. HP: 39/44 MP: 6/6
  3024 | D:3      | Learned a level 2 spell: Slow
  3455 | D:4      | Found Henamn's Armour Shoppe.
  3474 | D:4      | Found Coifeij's Antique Weapon Shoppe.
  3474 | D:4      | Found Xolixkay's Antique Weapon Shoppe.
  3476 | D:4      | Found Xav Feka's Distillery.
  3486 | D:4      | Bought a potion of lignification for 30 gold pieces
  3486 | D:4      | Bought a potion of might for 40 gold pieces
  3486 | D:4      | Bought a potion of invisibility for 80 gold pieces
  3600 | D:4      | Reached skill level 1 in Hexes
  3610 | D:4      | Reached XP level 7. HP: 40/51 MP: 7/7
  3678 | D:4      | Reached skill level 9 in Polearms
  3812 | D:5      | Entered Level 5 of the Dungeon
  3860 | D:5      | Reached skill level 1 in Armour
  4000 | D:5      | Reached XP level 8. HP: 58/58 MP: 8/8
  4088 | D:5      | Reached skill level 10 in Polearms
  4637 | D:6      | Reached skill level 11 in Polearms
  4675 | D:6      | Reached XP level 9. HP: 66/66 MP: 9/9
  4779 | D:6      | Found an opulent altar of Gozag.
  4857 | D:6      | Found a glowing golden altar of the Shining One.
  5087 | D:6      | Noticed a two-headed ogre
  5194 | D:6      | Reached skill level 5 in Fighting
  5306 | D:6      | Killed a two-headed ogre
  5307 | D:6      | Reached skill level 12 in Polearms
  5932 | D:7      | Found a shadowy altar of Dithmenos.
  5961 | D:7      | Reached skill level 13 in Polearms
  5961 | D:7      | Reached skill level 5 in Hexes
  5961 | D:7      | Reached XP level 10. HP: 41/76 MP: 10/10
  6552 | D:7      | Found a staircase to the Ecumenical Temple.
  6561 | Temple   | Entered the Ecumenical Temple
  6655 | D:6      | Became a worshipper of the Shining One
  6929 | D:8      | Noticed Joseph
  6977 | D:8      | Killed Joseph
  7413 | D:1      | Bought a scroll of blinking for 75 gold pieces
  7413 | D:1      | Bought a scroll of identify for 20 gold pieces
  7413 | D:1      | Bought a scroll of identify for 20 gold pieces
  7413 | D:1      | Bought a scroll of identify for 20 gold pieces
  7413 | D:1      | Bought a scroll of fog for 20 gold pieces
  7413 | D:1      | Bought a scroll of noise for 10 gold pieces
  7413 | D:1      | Bought a scroll of identify for 20 gold pieces
  7413 | D:1      | Bought a scroll of identify for 20 gold pieces
  7416 | D:1      | Gained mutation: You occasionally shout uncontrollably at
                  | your foes. [potion of mutation]
  7417 | D:1      | Lost mutation: You occasionally shout uncontrollably at
                  | your foes. [potion of mutation]
  7417 | D:1      | Gained mutation: You are partially covered in iridescent
                  | scales. (AC +2) [potion of mutation]
  7417 | D:1      | Gained mutation: Your flesh is cold resistant. (rC+)
                  | [potion of mutation]
  7417 | D:1      | Gained mutation: Your body sometimes deteriorates upon
                  | taking damage. [potion of mutation]
  7417 | D:1      | Gained mutation: You possess an exceptional clarity of
                  | mind. [potion of mutation]
  8084 | D:8      | Reached skill level 14 in Polearms
  8159 | D:8      | Reached skill level 10 in Dodging
  8164 | D:8      | Learned a level 3 spell: Confusing Touch
  8166 | D:8      | Learned a level 1 spell: Corona
  8782 | D:9      | Reached * piety under the Shining One
  8983 | D:9      | Noticed an elephant
  9023 | D:9      | Killed an elephant
  9024 | D:9      | Reached XP level 11. HP: 52/84 MP: 6/11
  9151 | D:9      | Found a staircase to the Lair.
  9506 | D:9      | Found an ornate altar of the Wu Jian Council.
  9962 | Lair:1   | Entered Level 1 of the Lair of Beasts
 10060 | Lair:1   | Reached skill level 15 in Polearms
 10588 | Lair:1   | Reached skill level 1 in Spellcasting
 11286 | Lair:2   | Noticed a five-headed hydra
 11328 | Lair:2   | Noticed a five-headed hydra
 11542 | Lair:2   | Killed a five-headed hydra
 11543 | Lair:2   | Reached skill level 16 in Polearms
 11724 | Lair:2   | Noticed a five-headed hydra
 11733 | Lair:2   | Reached XP level 12. HP: 94/94 MP: 12/15
 11839 | Lair:2   | Killed a five-headed hydra
 11844 | Lair:2   | Noticed a four-headed hydra
 11856 | Lair:2   | Killed a four-headed hydra
 12149 | Lair:2   | Killed a five-headed hydra
 12855 | Lair:2   | Reached skill level 17 in Polearms
 13215 | Lair:2   | Noticed a catoblepas
 13257 | Lair:2   | Killed a catoblepas
 13620 | D:1      | Identified 3 scrolls of acquirement
 13620 | D:1      | Acquired the amulet "Xalaup" {RegenMP rPois Slay+3}
 13627 | D:1      | Acquired 696 gold pieces
 13629 | D:1      | Acquired the +8 halberd of Coroec {venom, Dex+4}
 13637 | D:1      | Learned a level 3 spell: Swiftness
 13956 | Lair:3   | Found a staircase to the Swamp.
 14222 | Lair:3   | Noticed a six-headed hydra
 14518 | Lair:3   | Killed a seven-headed hydra
 14594 | Lair:3   | Reached skill level 10 in Fighting
 14994 | Lair:4   | Reached XP level 13. HP: 104/104 MP: 20/20
 15056 | Lair:4   | Found a staircase to the Snake Pit.
 15096 | Lair:4   | Reached skill level 5 in Spellcasting
 15288 | Lair:4   | Reached ** piety under the Shining One
 15657 | Lair:4   | You fall into a shaft and drop 2 floors!
 15657 | Lair:6   | Entered Level 6 of the Lair of Beasts
 15832 | Lair:6   | Reached skill level 15 in Dodging
 15845 | Lair:6   | Identified the +5 trident of the Hero {venom, rC+}
 15912 | Lair:6   | Reached *** piety under the Shining One
 16287 | Lair:4   | Reached skill level 1 in Air Magic
 16602 | Lair:5   | Lost mutation: Your body sometimes deteriorates upon taking
                  | damage. [potion of mutation]
 16602 | Lair:5   | Lost mutation: Your flesh is cold resistant. (rC+) [potion
                  | of mutation]
 16602 | Lair:5   | Gained mutation: Your spells are a little easier to cast,
                  | but a little less powerful. [potion of mutation]
 16699 | Lair:5   | Reached XP level 14. HP: 116/116 MP: 21/21
 17072 | Lair:5   | Found a staircase to the Slime Pits.
 18179 | Lair:5   | Reached **** piety under the Shining One
 18489 | Snake:1  | Entered Level 1 of the Snake Pit
 18588 | Snake:1  | Noticed Kirke
 18620 | Snake:1  | HP: 4/120 [barbs]
 18622 | Snake:1  | Succumbed to barbed spike wounds

Illustrated notes

Levels and vault maps discovered:
D:1:      saegor_arrival_simple_a, layout_basic,
          shapermc_ecumenical_altar_pompeii, serial_shops, nicolae_shop_trees,
          shop_coins, hangedman_feature_mirror, minmay_tetromino_l4
D:2:      layout_rooms, uniq_crazy_yiuf_cottage, uniq_terence
D:3:      layout_loops_ring, portal_sewer_entry_b
D:4:      layout_basic, minmay_shop_grid_forest
D:5:      layout_rooms
D:6:      layout_gridville, tso_metal_star, general_overflow_altar,
          serial_glass, glass_columns_a, glass_columns_a, item_on_display_a,
          minmay_ogre_servants
D:7:      layout_rooms, nicolae_dithmenos_through_a_glass_darkly,
          minmay_temple_entry_poolview, nicolae_lava_and_water
D:8:      layout_basic, hangedman_decor_push, grunt_ministairs_15, hex_large,
          uniq_joseph
D:9:      layout_loops_ring, minitemple, mainiacjoe_overflow_alcove_4,
          david_lair_generic
Temple:   cyrus_circular_temple
Lair:1:   layout_gridlike
Lair:2:   nzn_winding_woodlands_medium [nzn_winding_woodlands_5x5_closed_star,
          nzn_winding_woodlands_5x15_river_crossing,
          nzn_winding_woodlands_5x5_cross, nzn_winding_woodlands_5x5_three,
          nzn_winding_woodlands_center_garden,
          nzn_winding_woodlands_5x5_checkerboard,
          nzn_winding_woodlands_5x5_default, nzn_winding_woodlands_5x15_garden,
          nzn_winding_woodlands_5x5_perimeter], layout_regular_city,
          serial_rivers, chequers_serial_rivers_large_b,
          chequers_serial_rivers_small_3, chequers_serial_rivers_micro_b,
          chequers_serial_rivers_marsh, chequers_serial_rivers_room_a,
          chequers_serial_rivers_micro_c, hibernation_bobbens
Lair:3:   layout_layer_cave, minmay_swamp_entry_worms, st_stairs_3
Lair:4:   layout_regular_city, minmay_snake_entry_guardpost_small
Lair:5:   layout_layer_cave, dpeg_slime_entry_corner, beast_lair_carwin_5
Lair:6:   minmay_lair_end_frog_pond, layout_loops_ring, special_room
          [special_room_mythical_zoo], grunt_megastairs_2
Snake:1:  layout_onion_interference, serial_shops, nicolae_square_shop,
          uniq_kirke, uniq_frances

Skill      XL: |  1  2  3  4  5  6  7  8  9 10 11 12 13 14 |
---------------+-------------------------------------------+-----
Polearms       | 5 6 7 8 9 11 13 14 16 17 | 17.2
Dodging        | 5 6 7 9 10 11 13 15 16 | 16.4
Hexes          | 1 2 3 5 6 7 |  7.0
Fighting       | 3 4 6 7 8 10 12 14 | 14.1
Armour         | 1 2 3 4 |  4.0
Spellcasting   | 2 4 5 |  5.0
Air Magic      | 1 3 |  3.9
Throwing       | |  2.0

Action                   |  1- 3 |  4- 6 |  7- 9 | 10-12 | 13-15 || total
-------------------------+-------+-------+-------+-------+-------++-------
Melee: Trident           |   141 |   140 |   342 |   808 |   145 ||  1576
       Halberd           |       |       |       |    27 |   410 ||   437
       Tailslap          |       |       |       |     7 |    10 ||    17
Throw: Dart              |       |     6 |    16 |    54 |     5 ||    81
       Throwing net      |       |     1 |       |     1 |       ||     2
       Javelin           |       |       |     7 |       |       ||     7
       Boomerang         |       |       |     6 |     4 |       ||    10
 Cast: Slow              |       |       |     6 |    52 |       ||    58
       Confusing Touch   |       |       |       |    10 |     1 ||    11
       Corona            |       |       |       |    16 |     2 ||    18
       Swiftness         |       |       |       |       |     1 ||     1
Evoke: Wand              |       |       |       |     3 |       ||     3
  Use: Scroll            |     3 |     3 |       |    14 |     9 ||    29
       Potion            |     1 |       |       |     4 |     1 ||     6
 Stab: Sleeping          |     7 |     3 |       |       |       ||    10
Armor: Leather armour    |    27 |    24 |       |       |       ||    51
       Troll leather arm |       |    21 |    62 |   121 |    79 ||   283
       Skin              |       |       |       |    40 |       ||    40
Dodge: Dodged            |    98 |    73 |   148 |   371 |   480 ||  1170
